 Dungeon Crawl Stone Soup version 0.30-a0-777-ga9a30cbeda (webtiles) character file.

Game seed: 13692188374992657555

651 Smoke131 the Thrower (level 7, -1/67 HPs)
             Began as an Ogre Gladiator on Feb 15, 2023.
             Slain by epsilonplus's ghost (13 damage)
             ... on level 5 of the Dungeon.
             The game lasted 00:13:10 (4313 turns).

Smoke131 the Thrower (Ogre Gladiator)               Turns: 4313, Time: 00:13:11

Health: -1/67      AC:  8    Str: 19    XL:     7   Next: 53%
Magic:  7/7        EV: 10    Int:  9    God:
Gold:   223        SH:  0    Dex: 12    Spells: 6/6 levels left

rFire   . . .      SeeInvis .    q - +4 dagger
rCold   . . .      Faith    .    (no shield)
rNeg    . . .      Spirit   .    b - +0 robe
rPois   .          Reflect  .    c - +0 hat
rElec   .          Harm     .    n - +0 cloak
rCorr   .          Rampage  .    (gloves unavailable)
Will    .....                    (boots unavailable)
Stlth   +                        (no amulet)
HPRegen 0.31/turn                h - +4 ring of protection
MPRegen 0.10/turn                (no ring)

@: no status effects
A: large, unfitting armour, tough skin 1
a: no special abilities


You were on level 5 of the Dungeon.
You visited 1 branch of the dungeon, and saw 6 of its levels.

You collected 223 gold pieces.

Inventory:

Hand Weapons
 a - a +0 war axe
 q - a +4 dagger (weapon)
Missiles
 d - 2 throwing nets
 g - a large rock
 r - 10 stones
 s - 7 poisoned darts (quivered)
Armour
 b - a +0 robe (worn)
 c - a +0 hat (worn)
 n - a +0 cloak (worn)
Jewellery
 h - a +4 ring of protection (left hand)
Wands
 u - a wand of roots (4)
Scrolls
 i - a scroll of identify
 l - a scroll of fear
 o - 2 scrolls of fog
 v - a scroll of noise {unknown}
Potions
 e - a potion of degeneration {unknown}
 f - a potion of haste
 j - 2 potions of flight
 k - a potion of heal wounds {unknown}
 m - a potion of might
 p - a potion of brilliance {unknown}
 t - a potion of magic


   Skills:
 - Level 3.0 Fighting
 - Level 3.0 Axes
 + Level 8.0 Throwing
 - Level 3.0 Dodging


You had 6 spell levels left.
You didn't know any spells.
Your spell library contained the following spells:

 Spells                   Type           Power      Damage    Failure   Level
 Apportation              Tloc           0%         N/A       38%         1
 Magic Dart               Conj           0%         1d3       38%         1
 Necrotise                Necr           0%         1d4       38%         1
 Summon Small Mammal      Summ           0%         N/A       38%         1
 Call Imp                 Summ           0%         N/A       52%         2
 Lesser Beckoning         Tloc           0%         N/A       52%         2
 Frozen Ramparts          Ice            0%         1d1       77%         3
 Gell's Gravitas          Tloc           0%         N/A       77%         3
 Mephitic Cloud           Conj/Pois/Air  0%         N/A       77%         3
 Teleport Other           Tloc           0%         N/A       77%         3
 Tukima's Dance           Hex            0%         N/A       77%         3
 Vampiric Draining        Necr           0%         2d6       77%         3
 Ice Form                 Ice/Tmut       0%         N/A       99%         4
 Passage of Golubria      Tloc           0%         N/A       99%         4
 Summon Ice Beast         Ice/Summ       0%         N/A       99%         4
 Agony                    Necr           0%         N/A       100%        5
 Yara's Violent Unravell  Hex/Tmut       0%         3d3       100%        5


Dungeon Overview and Level Annotations

Branches:
Dungeon (6/15)
 Temple: D:4-7

Altars:
Ru
Sif Muna
Yredelemnul

Shops:
D:5 :

Annotations:
D:5 epsilonplus's ghost, novice DsRe


Innate Abilities, Weirdness & Mutations

You are too large for most types of armour.
You have tough skin. (AC +1)


Message History

s - 6 poisoned darts (gained 1)
s - 7 poisoned darts (gained 1)
The adder hisses angrily.
You hear the slow rusting of a distant drain.
You open the door. You miss the adder. The adder bites you but does no damage.
Epsilonplus's ghost whispers, "There is no future for you."
The adder completely misses you.
You miss the adder. The adder bites you but does no damage.
You hit the adder.
The adder is moderately wounded.
The adder bites you but does no damage.
You closely miss the adder.
The adder is moderately wounded.
The adder bites you.
You hit the adder.
The adder is severely wounded.
The adder barely misses you. The adder bites you but does no damage.
You puncture the adder!
You kill the adder!
You barely miss epsilonplus's ghost. Epsilonplus's ghost barely misses you.
Epsilonplus's ghost attacks as you move away!
Epsilonplus's ghost closely misses you.
A white imp comes into view.
The white imp shouts, "Begone, thou peaked flat-headed joithead!"
The white imp shouts, "Scamper away, thou churlish saucy flax-wench!"
Epsilonplus's ghost hits you!
The white imp sputters.
Epsilonplus's ghost hits you.
There is an open translucent door, spattered with blood here.
Epsilonplus's ghost attacks as you move away!
Epsilonplus's ghost hits you.
* * * LOW HITPOINT WARNING * * *
You enter the shallow water.
Epsilonplus's ghost attacks as you move away!
Epsilonplus's ghost hits you!
* * * LOW HITPOINT WARNING * * *
Epsilonplus's ghost attacks as you move away!
Epsilonplus's ghost hits you!
You die...

,,,,,,#...........#####..#
*,,,
,,,,,,............#####..#
**,,
,,,,,,........5..........#
***
******..#..........####.## *
*,.,#......#'#..###.######***
*,,,###...##~##..#.......#*,,
**,,**
#...##~###.........#,,, *,,,*
#...##W# ##........#*,, *,,,*
#...*#@# #.#+#.$..#*** **,,,*
#...##$# #.#,*....#***
***,,,** #...##~#
#.#,*##....,, *,,,,,*
#...#### #.#∩#**....,,
,,,,,** #...# #.≈.≈,,,...,,
,,,*** #...# #.≈.≈,,,,..,,
,*** #...# **#>#*,,...,, **
#...# ###.#*,....,, *
###...#######.#.#...$..,,


You could see epsilonplus's ghost and a white imp.

Vanquished Creatures
  A black bear (D:5)
  An ogre (D:4)
  Blork the orc (D:4)
  A bullfrog (D:6)
  2 scorpions (D:4)
  A hound (D:5)
  Ijyb (D:3)
  11 adders
  A gnoll (D:1)
  3 worms (D:2)
  3 dart slugs
  5 ball pythons
  2 endoplasms
  3 giant cockroaches
  4 goblins
  6 hobgoblins
  2 jackals (D:4)
  7 kobolds
  2 quokkas
  4 bats
  2 frilled lizards (D:3)
  5 rats
68 creatures vanquished.

Vanquished Creatures (others)
  A plant (D:1)
1 creature vanquished.

Grand Total: 69 creatures vanquished

Notes
Turn   | Place    | Note
-------+----------+-------------------------------------------
     0 | D:1      | Smoke131 the Ogre Gladiator began the quest for the Orb.
     0 | D:1      | Reached XP level 1. HP: 22/22 MP: 1/1
   233 | D:1      | Reached XP level 2. HP: 13/31 MP: 2/2
   857 | D:2      | Reached skill level 3 in Throwing
   857 | D:2      | Reached XP level 3. HP: 32/37 MP: 3/3
  1179 | D:2      | Reached XP level 4. HP: 42/45 MP: 4/4
  1372 | D:2      | Reached skill level 4 in Throwing
  2192 | D:3      | Noticed Ijyb
  2220 | D:3      | Killed Ijyb
  2221 | D:3      | Reached XP level 5. HP: 32/53 MP: 5/5
  2331 | D:3      | Reached skill level 5 in Throwing
  2594 | D:3      | Identified the +4 ring mail "Saodgh" {Int+4}
  2722 | D:4      | Noticed Blork the orc
  2766 | D:4      | Killed Blork the orc
  2767 | D:4      | Reached XP level 6. HP: 37/61 MP: 6/6
  2982 | D:4      | Reached skill level 6 in Throwing
  3583 | D:4      | Reached skill level 7 in Throwing
  3765 | D:4      | Found a sacrificial altar of Ru.
  3938 | D:4      | Found a basalt altar of Yredelemnul.
  3944 | D:4      | Reached XP level 7. HP: 67/67 MP: 7/7
  3971 | D:4      | Found a shimmering blue altar of Sif Muna.
  4070 | D:5      | Entered Level 5 of the Dungeon
  4115 | D:5      | Found Ibupuh's Book Boutique.
  4125 | D:5      | You fall into a shaft and drop 1 floor!
  4209 | D:5      | Found a runed translucent door.
  4212 | D:5      | Noticed epsilonplus's ghost (novice DsRe)
  4274 | D:5      | Reached skill level 8 in Throwing
  4313 | D:5      | Slain by epsilonplus's ghost

Illustrated notes

Levels and vault maps discovered:
D:1:      minmay_arrival_doors, layout_basic, nicolae_grassy_gnolls
D:2:      minmay_chambers_of_twos, layout_basic
D:3:      layout_loops_ring, kennysheep_cluttered_room, uniq_ijyb
D:4:      layout_loops_ring, mainiacjoe_overflow_alcove_4,
          mainiacjoe_overflow_two_lobes, hangedman_decor_riveting,
          uniq_blork_the_orc
D:5:      layout_basic, fedhas_altar_4, gup_sewer_entry_glass, serial_shops,
          nicolae_shop_hallway_stairs, serial_curves, eino_curves_03,
          eino_curves_04, eino_curves_02, ebering_ghost_sewer_d, hex_medium
D:6:      layout_basic, minmay_temple_entry_statues

Skill      XL: |  1  2  3  4  5  6  7 |
---------------+----------------------+-----
Fighting       | 3 |  3.0
Dodging        | 3 |  3.0
Throwing       | 3 4 5 7 8 |  8.0
Axes           | |  3.0

Action                     |  1- 3 |  4- 6 |  7- 9 || total
---------------------------+-------+-------+-------++-------
  Melee: War axe           |    66 |    81 |       ||   147
         Dagger            |       |   114 |    49 ||   163
         Punch             |       |     2 |       ||     2
  Throw: Throwing net      |     1 |       |       ||     1
         Stone             |       |    16 |       ||    16
         Large rock        |       |     1 |       ||     1
         Dart              |       |       |     4 ||     4
  Evoke: Wand              |       |    16 |       ||    16
    Use: Scroll            |       |    10 |     1 ||    11
         Potion            |       |     4 |       ||     4
   Stab: Sleeping          |       |     1 |       ||     1
 Armour: Robe              |    15 |    78 |    44 ||   137
  Dodge: Dodged            |    45 |   108 |    48 ||   201

Table legend: (Time is in decaauts)
 A = Elapsed time spent in this place.
 B = Non-inter-level travel time spent in this place.
 C = Inter-level travel time spent in this place.
 D = Time resting spent in this place.
 E = Time spent auto-exploring this place.
 F = Levels seen in this place.
 G = Mean time per level.
                   A        B        C        D        E       F      G
               +--------+--------+--------+--------+--------+-----+--------+
         Total |   4333 |   4217 |    116 |    618 |   2490 |   6 |  722.2 |
       Dungeon |   4333 |   4217 |    116 |    618 |   2490 |   6 |  722.2 |
               +--------+--------+--------+--------+--------+-----+--------+

Top non-repeatable levels by time:
     D:4: 1371 daAuts
     D:2: 1089 daAuts
     D:1: 820 daAuts
     D:3: 810 daAuts
     D:5: 179 daAuts
     D:6: 61 daAuts
